 Dungeon Crawl Stone Soup version 0.28.0 (webtiles) character file.

Game seed: 12387234045324834731

91 harry2680 the Stinger (level 4, -6/28 HPs)
             Began as an Octopode Venom Mage on Feb 17, 2022.
             Killed from afar by Sigmund (10 damage)
             ... with a puff of flame
             ... on level 2 of the Dungeon.
             The game lasted 00:13:15 (3147 turns).

harry2680 the Stinger (Octopode Venom Mage)         Turns: 3147, Time: 00:13:18

Health: -6/28      AC:  1    Str:  7    XL:     4   Next: 57%
Magic:  2/7        EV: 13    Int: 19    God:
Gold:   25         SH:  0    Dex: 12    Spells: 1/7 levels left

rFire   . . .      SeeInvis .   c - +0 dagger
rCold   . . .      Faith    .   (no shield)
rNeg    . . .      Spirit   .   (helmet restricted)
rPois   .          Reflect  .   (no amulet)
rElec   .          Harm     .   (no ring)
rCorr   .          Rampage  .   (no ring)
Will    .....                   (no ring)
Stlth   +++.......              (no ring)
HPRegen 0.09/turn               (no ring)
MPRegen 0.10/turn               (no ring)
                                (no ring)
                                (no ring)

@: mighty, lethally poisoned (-6 -> -15)
A: almost no armour, amphibious, 8 rings, camouflage 1, gelatinous body 1,
(nimble swimmer 1), tentacles
a: no special abilities


You were on level 2 of the Dungeon.
You visited 1 branch of the dungeon, and saw 2 of its levels.

You collected 70 gold pieces.
You spent 45 gold pieces at shops.

Inventory:

Hand Weapons
 c - a +0 dagger (weapon)
Armour
 f - a +0 cloak
Wands
 i - a wand of charming (7)
Scrolls
 a - a scroll of identify {unknown}
 d - a scroll of enchant weapon {unknown}
 e - a scroll of teleportation {unknown}
Potions
 h - a potion of ambrosia {unknown}


   Skills:
 + Level 1.1 Fighting
 + Level 2.5 Dodging
 + Level 3.5 Stealth
 + Level 2.4 Spellcasting
 + Level 0.0 Conjurations
 + Level 1.7 Transmutations
 + Level 1.1 Air Magic
 - Level 4.0 Poison Magic
 + Level 0.3 Evocations


You had one spell level left.
You knew the following spells:

 Your Spells              Type           Power      Damage    Failure   Level
a - Sting                 Tmut/Pois      52%        1d5       4%          1
b - Poisonous Vapours     Pois/Air       24%        N/A       9%          2
c - Mephitic Cloud        Conj/Pois/Air  8%         N/A       24%         3

Your spell library contained the following spells:

 Spells                   Type           Power      Damage    Failure   Level
 Olgreb's Toxic Radiance  Pois           17%        N/A       30%         4


Dungeon Overview and Level Annotations

Branches:
Dungeon (2/15)

Altars:

Shops:
D:2 [

Annotations:
D:2 Sigmund


Innate Abilities, Weirdness & Mutations

You cannot wear most types of armour.
You are amphibious.
You can wear up to eight rings at the same time.
Your skin changes colour to match your surroundings (Stealth+).
Your rubbery body absorbs attacks. (AC +1, EV +1)
((You are camouflaged when in or above water. (Stealth+)))
You have tentacles for arms and can constrict up to eight enemies at once.


Message History

Confirm with . or Enter, or press ? or * to list all spells.
Aiming: Sting (safe; 4% risk of failure)
Press: ? - help, Shift-Dir - straight line, f/p - Sigmund
Aim: Sigmund, wielding a +0 scythe of venom and wearing a +2 robe of cold resistance (poisoned, 68% to hit)
The sting hits Sigmund.
Sigmund looks even sicker.
Sigmund is lightly wounded.
Sigmund points at you and mumbles some strange words.
You resist with some effort.
Casting: Sting (safe; 4% risk of failure)
Confirm with . or Enter, or press ? or * to list all spells.
Aiming: Sting (safe; 4% risk of failure)
Press: ? - help, Shift-Dir - straight line, f/p - Sigmund
Aim: Sigmund, wielding a +0 scythe of venom and wearing a +2 robe of cold resistance (lightly wounded, very poisoned, 68% to hit)
The sting hits Sigmund but does no damage.
Sigmund looks even sicker.
Sigmund is lightly wounded.
Sigmund hits you from afar with a +0 scythe of venom.
You are poisoned.
Casting: Sting (safe; 4% risk of failure)
Confirm with . or Enter, or press ? or * to list all spells.
Aiming: Sting (safe; 4% risk of failure)
Press: ? - help, Shift-Dir - straight line, f/p - Sigmund
Aim: Sigmund, wielding a +0 scythe of venom and wearing a +2 robe of cold resistance (moderately wounded, very poisoned, 68% to hit)
The sting hits Sigmund but does no damage.
Sigmund looks as sick as possible!
Sigmund is moderately wounded.
You feel very sick.
Sigmund hits you from afar with a +0 scythe of venom.
You are lethally poisoned!
You feel very sick.
You feel very sick.
* * * LOW HITPOINT WARNING * * *
You feel very sick.
It was a potion of might.
You feel very mighty all of a sudden.
* * * LOW HITPOINT WARNING * * *
You feel sick. Sigmund gestures at you while chanting.
The puff of flame hits you!
You die...

#.#..<#.# ####.
#######...@.@.# #...
#.......##∩#### #.#.
#.#####.......# #.#.
#.#####.##.##.########.#.
#.##...........##.......#
##.##.#.@#####..##.####..#
##...#.#..#####.>##.####...
##.........@..........@.##.#
#.......#####.######.##.##.#
##.....## #.# #.##<##.#
##...## #.# #.......#
###.#### ###.### #####.###
#.....># #.....# #.#
#.#.##.# #.....# ###.#
##.#.##.###.....# #...#
#..........)....# #.###


You could see Sigmund (very poisoned).

Vanquished Creatures
  3 adders (D:2)
  3 worms (D:2)
  A dart slug (D:2)
  4 bats (D:1)
  4 endoplasms
  4 giant cockroaches (D:1)
  3 goblins
  3 hobgoblins
  7 jackals
  3 quokkas
  7 ball pythons
  4 frilled lizards
  3 kobolds (D:2)
  A rat (D:1)
50 creatures vanquished.

Notes
Turn   | Place    | Note
-------+----------+-------------------------------------------
     0 | D:1      | harry2680 the Octopode Venom Mage began the quest for the
                  | Orb.
     0 | D:1      | Reached XP level 1. HP: 11/11 MP: 3/3
    18 | D:1      | Found a faded altar of an unknown god.
    18 | D:1      | Noticed a great orb of eyes
    67 | D:1      | Noticed an eye of devastation
   241 | D:1      | Reached XP level 2. HP: 17/17 MP: 1/5
   244 | D:1      | Learned a level 2 spell: Poisonous Vapours
   758 | D:1      | Reached XP level 3. HP: 21/21 MP: 2/6
   762 | D:1      | Learned a level 3 spell: Mephitic Cloud
   843 | D:1      | Noticed a floating eye
  1311 | D:2      | Reached skill level 4 in Poison Magic
  1702 | D:2      | Reached XP level 4. HP: 21/27 MP: 5/7
  1891 | D:2      | Found Kurrila's Armour Emporium.
  1897 | D:2      | Bought a +0 cloak for 45 gold pieces
  1934 | D:2      | Reached skill level 1 in Air Magic
  2448 | D:2      | Noticed Sigmund
  2618 | D:2      | Reached skill level 1 in Fighting
  3147 | D:2      | Killed from afar by Sigmund

Illustrated notes

Levels and vault maps discovered:
D:1:      minmay_arrival_checkered_box, layout_loops_ring,
          hellmonk_ecumenical_altar_watching_god, chequers_garden
D:2:      layout_loops_cross, serial_shops, shop, uniq_crazy_yiuf_cottage,
          uniq_sigmund

Skill      XL: |  1  2  3  4 |
---------------+-------------+-----
Stealth        | 3 |  3.5
Poison Magic   | 4 |  4.0
Air Magic      | 1 |  1.1
Fighting       | 1 |  1.1
Dodging        | |  2.5
Spellcasting   | |  2.4
Transmutations | |  1.7
Evocations     | |  0.3

Action                   |  1- 3 |  4- 6 || total
-------------------------+-------+-------++-------
Melee: Unarmed           |     9 |       ||     9
       Tentacles         |    13 |     4 ||    17
       Constrict         |    11 |     6 ||    17
       Dagger            |    39 |    32 ||    71
       Punch             |       |     1 ||     1
 Cast: Sting             |    23 |    10 ||    33
       Poisonous Vapours |    18 |    20 ||    38
  Use: Potion            |       |     1 ||     1
 Stab: Sleeping          |     4 |       ||     4
Armor: Skin              |     2 |     2 ||     4
Dodge: Dodged            |    15 |    15 ||    30
